AoeStats
← Jeffbot83

Glade

503196307Analyzed
1v1 RM · 2mo ago on Aug 30, 2026· 30m 51s· 2 players
Game mode
Random Map
Map size
Tiny (2 player)
Population
200
Speed
Normal
Resources
Standard
Victory
Conquest
Starting age
Dark Age
Ending age
Imperial Age
RankedLock teamsTeams togetherTeam positionsShared explorationLock speedFull tech treeHidden civsTurbo modeCheats
Victory
Defeat
🇺🇸 Sicilians · United States
1452
+17
vs
🇨🇳 Turks · China
1477
-17
Jeffbot83
6:36 Loom
8:50 Feudal Age
10:06 Double-Bit Axe
12:26 Horse Collar
14:31 Fletching
21:02 Castle Age
23:05 Bodkin Arrow
24:01 Gold Mining
25:01 Crossbowman
26:19 Gold Shaft Mining
28:38 Wheelbarrow
28:31 Bow Saw
天天打果果
8:22 Loom
10:37 Feudal Age
11:34 Double-Bit Axe
17:53 Castle Age
15:53 Fletching
16:42 Stone Mining
16:34 Horse Collar
23:41 Padded Archer Armor
29:43 Forging
31:23 Leather Archer Armor
Connection lost

Rejoining the realm…

Still unreachable

The connection could not be restored.

Session expired

The server has moved on; the page needs a fresh start.